 Dungeon Crawl Stone Soup version 0.31-a0-175-g9f7f995f2b (webtiles) character file.

Game seed: 7577276135032863282

674 qw the Shooter (level 7, -1/66 HPs)
             Began as a Naga Hunter on June 17, 2023.
             Slain by a gnoll
             ... wielding a +0 halberd
              (3 damage)
             ... on level 5 of the Dungeon.
             The game lasted 00:01:11 (2919 turns).

qw the Shooter (Naga Hunter)                        Turns: 2919, Time: 00:01:12

Health: -1/66      AC:  3    Str: 14    XL:     7   Next: 59%
Magic:  0/7        EV:  9    Int:  9    God:
Gold:   182        SH:  0    Dex: 16    Spells: 6/6 levels left

rFire   . . .        Y - +2 shortbow (drain)
rCold   . . .        (shield currently unavailable)
rNeg    . . .        c - +0 leather armour
rPois   +            (no helmet)
rElec   .            (no cloak)
rCorr   .            (no gloves)
SInv    +            (no barding)
Will    .....        a - amulet of guardian spirit
Stlth   ++           (no ring)
HPRegen 0.31/turn    (no ring)
MPRegen 0.10/turn

%: guardian spirit
@: short of breath, very slow
A: AC +2, large, see invisible, deformed body, poison resistance, slowness 2,
spit poison 1, naga tail 1
a: Spit Poison


You were on level 5 of the Dungeon.
You visited 1 branch of the dungeon, and saw 5 of its levels.

You collected 182 gold pieces.


Innate Abilities, Weirdness & Mutations

Your serpentine skin is tough. (AC +2)
You have supernaturally acute eyesight. (SInv)
Armour fits poorly on your strangely shaped body.
Your system is resistant to poisons. (rPois)
You cover ground very slowly.
You can spit poison.
You have a snake-like lower body.


   Skills:
 - Level 4.6 Fighting
 - Level 7.2 Ranged Weapons
 + Level 1.8 Dodging
 - Level 1.5 Stealth


You had 6 spell levels left.
You didn't know any spells.
Your spell library was empty.

Inventory:

Hand Weapons
 Y - a +2 shortbow of draining (weapon)
Armour
 c - a +0 leather armour (worn)
Jewellery
 a - an amulet of guardian spirit (around neck)
Scrolls
 b - a scroll of enchant armour
 i - a scroll of identify
Potions
 e - a potion of might
 h - a potion of curing
 l - a potion of degeneration {unknown}

Dungeon Overview and Level Annotations

Branches:
Dungeon (5/15)
 Temple: D:4-7

Altars:
Sif Muna

Shops:
D:1 [   D:3 =

Annotations:
D:5 Sigmund


Message History

The adder closely misses you.
You shoot an arrow. The arrow barely misses the adder.
The adder barely misses you.
You shoot an arrow. The arrow completely misses the adder.
Your surroundings suddenly seem different. 2 gnolls come into view.
Found 7 gold pieces.
You have got your breath back.
The gnoll moves out of view.
You shoot an arrow. The arrow hits the gnoll.
The gnoll is heavily wounded.
You hear a shout!
A gnoll comes into view. It is wielding a +0 halberd.
2912 ||| Stepping ~*~*~tactically~*~*~ (outnumbered).
2913 ||| Stepping ~*~*~tactically~*~*~ (outnumbered).
2914 ||| INVOKING Spit Poison.
Aiming: Spit Poison (1% risk of failure)
Press: ? - help, Shift-Dir - straight line, f - gnoll The splash of poison misses the gnoll.
The gnoll hits you from afar with a +0 halberd!
You shoot an arrow. The arrow closely misses the gnoll.
The gnoll closely misses you.
You shoot an arrow.
The arrow hits the gnoll but does no damage.
You drain the gnoll.
The gnoll is moderately wounded.
The gnoll barely misses you.
You shoot an arrow. The arrow hits the gnoll!
You drain the gnoll.
You kill the gnoll!
You shoot an arrow. The arrow hits the gnoll.
You drain the gnoll.
You kill the gnoll!
You have got your breath back.
The gnoll hits you from afar with a +0 halberd.
2919 ||| INVOKING Spit Poison.
Aiming: Spit Poison (1% risk of failure)
Press: ? - help, Shift-Dir - straight line, f - gnoll The splash of poison hits the gnoll.
The gnoll is poisoned.
The gnoll is lightly wounded.
The gnoll hits you from afar with a +0 halberd.
You die...

#. #. #. #.
###.###
.###.....# ....
.........#######
...#
#.#...).@$....#
...
##..g######.#
..# #...# ..#
#...# ..#####
....g. .......
#....g. .......
#...... .......
#......g .#..@..


You could see a gnoll (poisoned).

Vanquished Creatures
  Grinder (D:4)
  Menkaure (D:5)
  A black bear (D:4)
  A scorpion (D:3)
  A hound (D:5)
  2 gnolls (D:5)
  5 adders
  An ufetubus (D:4)
  4 worms
  2 dart slugs
  3 orcs
  3 bats
  11 endoplasms
  A giant cockroach (D:1)
  7 goblins
  8 hobgoblins
  10 jackals
  5 kobolds
  4 quokkas
  8 ball pythons
  A frilled lizard (D:1)
  23 rats
103 creatures vanquished.

Notes
Turn   | Place    | Note
-------+----------+-------------------------------------------
     0 | D:1      | qw the Naga Hunter began the quest for the Orb.
     0 | D:1      | Reached XP level 1. HP: 19/19 MP: 1/1
     0 | D:1      | 0 ||| qw: Version: 0.3-a-2-g5ab2908
     0 | D:1      | 0 ||| qw: Game counter: 230
     0 | D:1      | 0 ||| qw: Always use a shield: true
     0 | D:1      | 0 ||| qw: God list: Okawaru
     0 | D:1      | 0 ||| qw: Allow faded altars: false
     0 | D:1      | 0 ||| qw: Do Orc after D:15 true
     0 | D:1      | 0 ||| qw: Do second Lair branch before Depths: true
     0 | D:1      | 0 ||| qw: Lair rune preference: random
     0 | D:1      | 0 ||| qw: Plans: Normal
     0 | D:1      | 0 ||| PLANNING D:1-11
    16 | D:1      | 16 ||| INVOKING Spit Poison.
    81 | D:1      | Reached skill level 4 in Ranged Weapons
    81 | D:1      | Reached XP level 2. HP: 26/26 MP: 2/2
    88 | D:1      | 88 ||| INVOKING Spit Poison.
   104 | D:1      | Found Puellion's Antique Armour Shoppe.
   110 | D:1      | 110 ||| SHOPLISTING cloak (94 gold, have 6).
   110 | D:1      | 110 ||| SHOPLISTING glowing leather armour (105 gold, have
                  | 6).
   188 | D:1      | 188 ||| INVOKING Spit Poison.
   237 | D:1      | 237 ||| INVOKING Spit Poison.
   250 | D:1      | 250 ||| INVOKING Spit Poison.
   364 | D:1      | 364 ||| INVOKING Spit Poison.
   376 | D:1      | 376 ||| INVOKING Spit Poison.
   432 | D:1      | 432 ||| INVOKING Spit Poison.
   441 | D:1      | 441 ||| INVOKING Spit Poison.
   443 | D:1      | Reached XP level 3. HP: 32/32 MP: 3/3
   498 | D:1      | 498 ||| INVOKING Spit Poison.
   547 | D:1      | 547 ||| READING scroll labelled SAPOAWI VUEZ LEST.
   548 | D:1      | 548 ||| READING scroll labelled XUMAOKHL DIREUH.
   549 | D:1      | 549 ||| READING scroll labelled TANWAT XOXYARIREBB.
   550 | D:1      | 550 ||| READING scroll labelled TAYBER HIE.
   551 | D:1      | 551 ||| READING 2 scrolls labelled SIC UNWOSYMMERCH.
   555 | D:1      | 555 ||| DRINKING 2 sedimented yellow potions.
   556 | D:1      | 556 ||| DROPPING scroll of butterflies.
   587 | D:2      | 587 ||| INVOKING Spit Poison.
   591 | D:2      | 591 ||| INVOKING Spit Poison.
   620 | D:2      | 620 ||| INVOKING Spit Poison.
   644 | D:2      | 644 ||| INVOKING Spit Poison.
   650 | D:2      | 650 ||| INVOKING Spit Poison.
   654 | D:2      | 654 ||| INVOKING Spit Poison.
   690 | D:2      | 690 ||| INVOKING Spit Poison.
   706 | D:2      | 706 ||| INVOKING Spit Poison.
   752 | D:2      | 752 ||| INVOKING Spit Poison.
   781 | D:2      | 781 ||| INVOKING Spit Poison.
   796 | D:2      | 796 ||| INVOKING Spit Poison.
   864 | D:2      | 864 ||| INVOKING Spit Poison.
   868 | D:2      | Reached skill level 5 in Ranged Weapons
   868 | D:2      | Reached XP level 4. HP: 39/39 MP: 4/4
   904 | D:2      | 904 ||| INVOKING Spit Poison.
   922 | D:2      | 922 ||| INVOKING Spit Poison.
   929 | D:2      | 929 ||| INVOKING Spit Poison.
  1006 | D:2      | 1006 ||| INVOKING Spit Poison.
  1184 | D:2      | 1184 ||| INVOKING Spit Poison.
  1254 | D:2      | 1254 ||| INVOKING Spit Poison.
  1268 | D:2      | 1268 ||| UPGRADING to amulet of guardian spirit.
  1273 | D:2      | 1273 ||| READING scroll labelled RAMA YTWOT.
  1274 | D:2      | 1274 ||| READING scroll labelled KIPROSE TETO.
  1305 | D:3      | 1305 ||| INVOKING Spit Poison.
  1310 | D:3      | 1310 ||| INVOKING Spit Poison.
  1316 | D:3      | 1316 ||| INVOKING Spit Poison.
  1338 | D:3      | 1338 ||| INVOKING Spit Poison.
  1376 | D:3      | Found Biqut's Jewellery Emporium.
  1397 | D:3      | 1397 ||| SHOPLISTING +4 ring of slaying (1092 gold, have
                  | 100).
  1397 | D:3      | 1397 ||| SHOPLISTING +5 ring of evasion (504 gold, have
                  | 100).
  1397 | D:3      | 1397 ||| SHOPLISTING +6 ring of dexterity (504 gold, have
                  | 100).
  1397 | D:3      | 1397 ||| SHOPLISTING ring of fire (350 gold, have 100).
  1397 | D:3      | 1397 ||| SHOPLISTING ring of protection from cold (350
                  | gold, have 100).
  1397 | D:3      | 1397 ||| SHOPLISTING ring of protection from fire (350
                  | gold, have 100).
  1423 | D:3      | Noticed a scorpion
  1425 | D:3      | 1425 ||| INVOKING Spit Poison.
  1427 | D:3      | Killed a scorpion
  1428 | D:3      | Reached skill level 3 in Fighting
  1428 | D:3      | Reached XP level 5. HP: 50/50 MP: 5/5
  1515 | D:3      | 1515 ||| INVOKING Spit Poison.
  1518 | D:3      | 1518 ||| INVOKING Spit Poison.
  1522 | D:3      | 1522 ||| INVOKING Spit Poison.
  1526 | D:3      | 1526 ||| INVOKING Spit Poison.
  1757 | D:3      | 1757 ||| READING scroll labelled VUOBAKK UGUOM.
  1830 | D:3      | 1830 ||| READING 4 scrolls labelled PIKEMYBIOC.
  1831 | D:3      | 1831 ||| DROPPING 3 scrolls of immolation.
  1849 | D:4      | 1849 ||| INVOKING Spit Poison.
  1918 | D:4      | 1918 ||| INVOKING Spit Poison.
  1924 | D:4      | 1924 ||| INVOKING Spit Poison.
  1928 | D:4      | 1928 ||| INVOKING Spit Poison.
  1931 | D:4      | 1931 ||| INVOKING Spit Poison.
  1936 | D:4      | 1936 ||| INVOKING Spit Poison.
  1941 | D:4      | 1941 ||| INVOKING Spit Poison.
  1944 | D:4      | 1944 ||| INVOKING Spit Poison.
  1950 | D:4      | 1950 ||| INVOKING Spit Poison.
  2019 | D:4      | 2019 ||| INVOKING Spit Poison.
  2025 | D:4      | 2025 ||| INVOKING Spit Poison.
  2025 | D:4      | Noticed Grinder
  2031 | D:4      | 2031 ||| INVOKING Spit Poison.
  2035 | D:4      | 2035 ||| INVOKING Spit Poison.
  2043 | D:4      | Paralysed by Grinder for 5 turns
  2049 | D:4      | Killed Grinder
  2050 | D:4      | Reached skill level 6 in Ranged Weapons
  2050 | D:4      | Reached XP level 6. HP: 15/57 MP: 2/6
  2218 | D:4      | 2218 ||| INVOKING Spit Poison.
  2237 | D:4      | 2237 ||| READING scroll of enchant weapon.
  2237 | D:4      | 2237 ||| ENCHANTING +1 shortbow.
  2269 | D:4      | 2269 ||| INVOKING Spit Poison.
  2317 | D:4      | Noticed a black bear
  2318 | D:4      | 2318 ||| INVOKING Spit Poison.
  2323 | D:4      | 2323 ||| INVOKING Spit Poison.
  2325 | D:4      | Killed a black bear
  2326 | D:4      | Reached XP level 7. HP: 58/66 MP: 5/7
  2410 | D:4      | 2410 ||| INVOKING Spit Poison.
  2446 | D:4      | Found a shimmering blue altar of Sif Muna.
  2496 | D:4      | 2496 ||| INVOKING Spit Poison.
  2564 | D:4      | 2564 ||| INVOKING Spit Poison.
  2603 | D:4      | 2603 ||| INVOKING Spit Poison.
  2766 | D:4      | 2766 ||| READING scroll labelled ELYJOE TAMUMO.
  2767 | D:4      | 2767 ||| DRINKING 2 silvery potions.
  2768 | D:4      | 2768 ||| DRINKING 3 bubbling red potions.
  2769 | D:4      | 2769 ||| READING 3 scrolls of identify.
  2769 | D:4      | 2769 ||| IDENTIFYING sedimented purple potion
  2770 | D:4      | 2770 ||| READING 2 scrolls of identify.
  2770 | D:4      | 2770 ||| IDENTIFYING fizzy grey potion
  2771 | D:4      | 2771 ||| DROPPING potion of lignification.
  2772 | D:4      | 2772 ||| DROPPING potion of invisibility.
  2773 | D:4      | 2773 ||| DROPPING 2 potions of brilliance.
  2845 | D:5      | Entered Level 5 of the Dungeon
  2846 | D:5      | 2846 ||| INVOKING Spit Poison.
  2889 | D:5      | 2889 ||| INVOKING Spit Poison.
  2893 | D:5      | Noticed Menkaure
  2902 | D:5      | HP: 10/66 [??? (8)]
  2903 | D:5      | 2903 ||| READING 2 scrolls of teleportation.
  2904 | D:5      | Killed Menkaure
  2905 | D:5      | Reached skill level 7 in Ranged Weapons
  2905 | D:5      | Noticed Sigmund
  2906 | D:5      | 2906 ||| READING scroll of teleportation.
  2907 | D:5      | 2907 ||| INVOKING Spit Poison.
  2912 | D:5      | 2912 ||| Stepping ~*~*~tactically~*~*~ (outnumbered).
  2913 | D:5      | 2913 ||| Stepping ~*~*~tactically~*~*~ (outnumbered).
  2914 | D:5      | 2914 ||| INVOKING Spit Poison.
  2914 | D:5      | HP: 4/66 [gnoll/+0 halberd (6)]
  2918 | D:5      | HP: 1/66 [gnoll/+0 halberd (4)]
  2919 | D:5      | 2919 ||| INVOKING Spit Poison.
  2919 | D:5      | Slain by a gnoll

Levels and vault maps discovered:
D:1:      elethiomel_arrival_infinity_welcomes_careful_drivers, layout_rooms,
          serial_shops, nicolae_square_shop, chequers_mini_garden
D:2:      layout_loops_cross
D:3:      layout_rooms, serial_shops, nicolae_shop_waterfront
D:4:      layout_loops_ring, kennysheep_mini, minmay_rat_hole, uniq_grinder
D:5:      kennysheep_spiral_hall, layout_basic, minmay_hedge_maze,
          uniq_menkaure, uniq_sigmund

Skill      XL: |  1  2  3  4  5  6  7 |
---------------+----------------------+-----
Ranged Weapons | 4 5 6 7 |  7.2
Fighting       | 3 4 |  4.6
Dodging        | |  1.8
Stealth        | |  1.5

Action                     |  1- 3 |  4- 6 |  7- 9 || total
---------------------------+-------+-------+-------++-------
   Fire: Shortbow          |    52 |   120 |    28 ||   200
Ability: Spit Poison       |    22 |    32 |     9 ||    63
    Use: Scroll            |     5 |     5 |     5 ||    15
         Potion            |     1 |       |     2 ||     3
 Armour: Leather armour    |     1 |    13 |     1 ||    15
  Dodge: Dodged            |     7 |    23 |     9 ||    39

Table legend:
 A = Non-vault XP
 B = Vault XP
 C = Vault XP percentage of total XP
 D = Non-vault monster count
 E = Vault monster count
 F = Vault count percentage of total count
                 A         B        C        D         E       F
            +---------+---------+-------+---------+---------+-------
      Total |     506 |     457 |  47.5 |      82 |      21 |  20.4
            +---------+---------+-------+---------+---------+-------
        D:1 |      36 |       0 |   0.0 |      20 |       0 |   0.0
        D:2 |      78 |       0 |   0.0 |      22 |       0 |   0.0
        D:3 |     110 |       0 |   0.0 |      14 |       0 |   0.0
        D:4 |     207 |     292 |  58.5 |      22 |      20 |  47.6
        D:5 |      75 |     165 |  68.8 |       4 |       1 |  20.0
            +---------+---------+-------+---------+---------+-------
